 Dungeon Sprint DCSS version 0.22-a0-580-gd5db89c (webtiles) character file.

655 Kidiri the Martial Artist (level 7, -4/74 HPs)
             Began as a White Draconian Transmuter on July 3, 2018.
             Was a Follower of Sif Muna.
             Killed from afar by a gargoyle (29 damage)
             ... with a stone arrow
             ... in the Dungeon (Sprint IX: "|||||||||||||||||||||||||||||").
             The game lasted 00:03:56 (815 turns).

Kidiri the Martial Artist (DrTm)                     Turns: 815, Time: 00:03:57

Health: -4/74      AC:  6    Str: 13    XL:     7   Next: 29%
Magic:  11/14      EV: 12    Int: 13    God:    Sif Muna [*.....]
Gold:   0          SH:  0    Dex: 13    Spells: 6/16 levels left

rFire    x . .     SeeInvis .     - Unarmed
rCold    + + +     Gourm    .   (shield currently unavailable)
rNeg     . . .     Faith    .   (armour unavailable)
rPois    +         Spirit   .   (helmet currently unavailable)
rElec    .         Reflect  .   (cloak currently unavailable)
rCorr    .         Harm     .   (gloves currently unavailable)
MR       .....     NoTele   +   (boots currently unavailable)
Stlth    +++.......             (no amulet)
HPRegen  0.22/turn              (no ring)
MPRegen  0.14/turn              (no ring)

@: short of breath, ice-form
A: large, (breathe frost), unfitting armour, AC +6
a: End Transformation, Divine Energy, Renounce Religion


You were in the Dungeon.
You worshipped Sif Muna.
Sif Muna was aware of your devotion.
You were hungry.
You were a creature of crystalline ice.
You visited 1 branch

Inventory:

Missiles
 a - 12 arrows
Armour
 n - a +0 pair of boots (melded)
 o - a +0 cloak (melded)
Jewellery
 l - a +3 ring of dexterity
 m - a +3 ring of intelligence
Wands
 k - a wand of acid (10)
Scrolls
 h - 3 scrolls of remove curse
 i - a scroll of blinking
 j - 2 scrolls of amnesia
Potions
 b - a potion of invisibility
 d - a potion of heal wounds
 e - 4 potions of curing
 f - a potion of haste
 g - 4 potions of magic
Comestibles
 c - a ration


   Skills:
 + Level 5.6 Fighting
 + Level 5.0 Dodging
 + Level 5.1 Stealth
 * Level 8.0 Unarmed Combat
 + Level 5.1 Spellcasting
 * Level 7.7 Transmutations
 + Level 3.1 Ice Magic
 + Level 3.8 Poison Magic
 + Level 2.7 Invocations


You had 6 spell levels left.
You knew the following spells:

 Your Spells              Type           Power        Failure   Level  Hunger
a - Beastly Appendage     Tmut           ###...       1%          1    None
b - Sticks to Snakes      Tmut           ###.....     1%          2    ##.....
c - Spider Form           Tmut/Pois      ###.......   5%          3    ###....
d - Ice Form              Ice/Tmut       ###.....     21%         4    ####...

Your spell library contained the following spells:

 Spells                   Type           Power        Failure   Level  Hunger
 Blade Hands              Tmut           ###.......   22%         5    ######.


Dungeon Overview and Level Annotations

Branches:
Dungeon (1/1)

Altars:
Cheibriados
Dithmenos
Elyvilon
Fedhas
Gozag
Hepliaklqana
Kikubaaqudgha
Makhleb
Nemelex Xobeh
Okawaru
Qazlal
Ru
Sif Muna
Trog
Uskayaw
Vehumet
Wu Jian
Xom
Yredelemnul
Zin
The Shining One
Beogh
Jiyva
Lugonu


Innate Abilities, Weirdness & Mutations

((You can breathe waves of freezing cold.))
((You can buffet flying creatures when you breathe cold.))
((Your icy white scales are hard. (AC +6)))
You cannot fit into any form of body armour.
((Your flesh is cold resistant. (rC+)))
((You are cold-blooded and may be slowed by cold attacks.))


Message History

The gargoyle hits you with a flail of protection.
You hit the gargoyle. You freeze the gargoyle.
The gargoyle is moderately damaged.
The gargoyle hits you with a flail of protection!
You hit the gargoyle but do no damage.
The gargoyle is moderately damaged.
You hit the gargoyle. You freeze the gargoyle.
The gargoyle is heavily damaged.
The gargoyle closely misses you.
Your magical contamination has completely faded away.
You hit the gargoyle. You freeze the gargoyle.
The gargoyle is severely damaged.
The gargoyle hits you with a flail of protection!
You hit the gargoyle but do no damage.
The gargoyle is severely damaged.
You hit the gargoyle but do no damage.
The gargoyle is severely damaged.
The gargoyle hurls a stone arrow at you.
The stone arrow hits you!
You die... ▓▓▓▓▓▓▓▓▓▓▓▓▓▓▓▓▓▓▓▓▓▓▓▓▓▓▓▓▓▓▓▓ +....Z9'.....Z9Y.[..)|..'_______ ▓▓▓▓▓▓▓▓▓▓▓▓▓▓▓▓▓▓▓▓▓▓▓▓▓▓▓▓▓▓▓▓

You could see a gargoyle and a bat zombie.

Vanquished Creatures
  A komodo dragon (D)
  2 orc warriors (D)
  An ogre (D)
  A scorpion (D)
  An iguana (D)
  2 adders (D)
  2 adder zombies (D)
  An adder skeleton (D)
  A dart slug (D)
  2 orcs (D)
  A bat skeleton (D)
  A bat zombie (D)
  A jackal (D)
  2 bats (D)
  A rat (D)
20 creatures vanquished.

Notes
Turn   | Place    | Note
-------+----------+-------------------------------------------
     0 | D        | Kidiri the Draconian Transmuter began the quest for the Orb.
     0 | D        | Reached XP level 1. HP: 16/16 MP: 3/3
    17 | D        | Reached skill level 1 in Stealth
   199 | D        | Noticed an ogre
   202 | D        | Reached XP level 2. HP: 22/24 MP: 3/5
   221 | D        | Reached skill level 4 in Unarmed Combat
   242 | D        | Killed an ogre
   242 | D        | Reached skill level 5 in Unarmed Combat
   242 | D        | Reached XP level 3. HP: 27/31 MP: 3/7
   242 | D        | Reached XP level 4. HP: 34/38 MP: 3/9
   356 | D        | Found a roughly hewn altar of Beogh.
   356 | D        | Found a snail-covered altar of Cheibriados.
   356 | D        | Found a shadowy altar of Dithmenos.
   356 | D        | Found a white marble altar of Elyvilon.
   356 | D        | Found a blossoming altar of Fedhas.
   356 | D        | Found an opulent altar of Gozag.
   357 | D        | Found a hazy altar of Hepliaklqana.
   358 | D        | Found a viscous altar of Jiyva.
   359 | D        | Found an ancient bone altar of Kikubaaqudgha.
   360 | D        | Found a corrupted altar of Lugonu.
   361 | D        | Found a burning altar of Makhleb.
   362 | D        | Found a sparkling altar of Nemelex Xobeh.
   363 | D        | Found an iron altar of Okawaru.
   364 | D        | Found a stormy altar of Qazlal.
   365 | D        | Found a sacrificial altar of Ru.
   366 | D        | Found a deep blue altar of Sif Muna.
   367 | D        | Found a bloodstained altar of Trog.
   368 | D        | Found a hide-covered altar of Uskayaw.
   369 | D        | Found a radiant altar of Vehumet.
   370 | D        | Found an ornate altar of the Wu Jian Council.
   371 | D        | Found a shimmering altar of Xom.
   372 | D        | Found a basalt altar of Yredelemnul.
   373 | D        | Found a glowing silver altar of Zin.
   374 | D        | Found a glowing golden altar of the Shining One.
   417 | D        | Learned a level 2 spell: Sticks to Snakes
   421 | D        | Learned a level 3 spell: Spider Form
   467 | D        | Noticed an orc warrior
   471 | D        | Reached skill level 5 in Transmutations
   471 | D        | Reached XP level 5. HP: 37/46 MP: 6/10
   473 | D        | Reached skill level 6 in Unarmed Combat
   473 | D        | Reached skill level 1 in Poison Magic
   494 | D        | Killed an orc warrior
   494 | D        | Reached XP level 6. HP: 21/53 MP: 6/12
   726 | D        | Became a worshipper of Sif Muna the Loreminder
   749 | D        | Learned a level 4 spell: Ice Form
   758 | D        | Noticed a gargoyle
   758 | D        | Noticed a komodo dragon
   758 | D        | Noticed an orc warrior
   770 | D        | Killed an orc warrior
   770 | D        | Reached skill level 5 in Fighting
   770 | D        | Reached skill level 7 in Unarmed Combat
   770 | D        | Reached skill level 1 in Ice Magic
   770 | D        | Reached skill level 1 in Invocations
   772 | D        | Reached * piety under Sif Muna
   805 | D        | Killed a komodo dragon
   805 | D        | Reached skill level 5 in Dodging
   805 | D        | Reached skill level 5 in Stealth
   805 | D        | Reached skill level 8 in Unarmed Combat
   805 | D        | Reached skill level 5 in Spellcasting
   805 | D        | Your scales start taking on an icy white colour.
   805 | D        | Reached XP level 7. HP: 44/62 MP: 14/14
   805 | D        | Gained mutation: Your flesh is cold resistant. (rC+) [White Draconian growth]
   815 | D        | Killed from afar by a gargoyle

Vault maps used:
D:        linesprint

Skill      XL: |  1  2  3  4  5  6 |
---------------+-------------------+-----
Dodging        | 2 3 4 5 |  5.0
Stealth        | 1 3 4 5 |  5.1
Fighting       | 3 4 5 |  5.6
Transmutations | 4 5 6 7 |  7.7
Unarmed Combat | 5 6 8 |  8.0
Spellcasting   | 3 4 5 |  5.1
Poison Magic   | 2 3 |  3.8
Ice Magic      | 3 |  3.1
Invocations    | 2 |  2.7

Action                   |  1- 3 |  4- 6 |  7- 9 || total
-------------------------+-------+-------+-------++-------
Melee: Unarmed           |    44 |    38 |     7 ||    89
       Kick              |     6 |       |       ||     6
       Punch             |     1 |       |       ||     1
       Tailslap          |     6 |       |       ||     6
 Cast: Beastly Appendage |     5 |       |       ||     5
       Spider Form       |       |     3 |       ||     3
       Ice Form          |       |       |     1 ||     1
 Abil: Breathe Frost     |       |       |     1 ||     1
  Use: Potion            |     3 |     1 |       ||     4
       Scroll            |       |     1 |       ||     1
Armor: Skin              |    10 |     1 |       ||    11
Dodge: Dodged            |    32 |    20 |     1 ||    53

Table legend:
 A = Spawn XP
 B = Non-spawn XP
 C = Spawn XP percentage of total XP
 D = Spawn monster count
 E = Non-spawn monster count
 F = Spawn count percentage of total count
 G = Total turns spent on level
                    A         B        C        D         E        F      G
               +---------+---------+-------+---------+---------+-------+---------
         Total |       0 |     937 |   0.0 |       0 |      20 |   0.0 |   815
               +---------+---------+-------+---------+---------+-------+---------
             D |       0 |     937 |   0.0 |       0 |      20 |   0.0 |   815
               +---------+---------+-------+---------+---------+-------+---------
